[Event "Elitserien 2022/2023"]
[Site "Helsingborg"]
[Date "2022.10.14"]
[Round "1.3"]
[White "Olund, Joar"]
[Black "Lukez, Franko"]
[Result "1-0"]
[WhiteElo "2409"]
[BlackElo "2264"]
[TimeControl "90 minutes for 40 moves + 30 minutes for the rest of the game + 30 seconds per move from move one."]

1.d4 g6 2.e4 Bg7 3.Nc3 d6 4.Be3 a6 5.Qd2 b5 6.h4 h5 7.f3 c6 8.Nh3 Bxh3 9.
Rxh3 Nd7 10.a4 b4 11.Nd1 a5 12.c3 bxc3 13.bxc3 Ngf6 14.Nf2 Qc7 15.Be2 c5 
16.g4 hxg4 17.fxg4 cxd4 18.cxd4 Rc8 19.Bb5 Qc3 20.Rc1 Qxd2+ 21.Bxd2 Rxc1+ 
22.Bxc1 Nh7 23.Bb2 e6 24.e5 dxe5 25.dxe5 Bf8 26.Rf3 Bb4+ 27.Ke2 Nf8 28.Rh3
Kd8 29.Ne4 Ke7 30.h5 gxh5 31.gxh5 Rg8 32.Rh2 Nh7 33.h6 Nb6 34.Bd3 Nd5 35.
Nf6 Nhxf6 36.exf6+ Kd6 37.h7 Rh8 38.Kf3 e5 39.Ke4 Nxf6+ 40.Kf5 1-0

[Event "Elitserien 2022/2023"]
[Site "Helsingborg"]
[Date "2022.10.14"]
[Round "1.36"]
[White "Storme, Isak"]
[Black "Jaderberg, Bjorn"]
[Result "1-0"]
[WhiteElo "2424"]
[BlackElo "2147"]
[TimeControl "90 minutes for 40 moves + 30 minutes for the rest of the game + 30 seconds per move from move one."]

1.Nf3 g6 2.d4 d6 3.e4 Bg7 4.Be3 a6 5.c4 Nd7 6.Nc3 b6 7.h4 h5 8.Be2 c5 9.d5
Ngf6 10.Qc2 Qc7 11.Ng5 Ne5 12.f3 Bh6 13.Qd2 Ng8 14.O-O Bd7 15.f4 Ng4 16.
Bxg4 Bxg4 17.e5 f6 18.Ne6 Qd7 19.f5 Bxf5 20.Rxf5 gxf5 21.Qe2 Bxe3+ 22.Qxe3
Nh6 23.exf6 Kf7 24.Qg5 Rag8 25.Qxh5+ Rg6 26.Nf4 Rg8 27.Nxg6 Rxg6 28.Ne2 
1-0

[Event "Elitserien 2022/2023"]
[Site "Helsingborg"]
[Date "2022.10.15"]
[Round "2.1"]
[White "Hector, Jonny"]
[Black "Olund, Joar"]
[Result "1-0"]
[WhiteElo "2454"]
[BlackElo "2409"]
[TimeControl "90 minutes for 40 moves + 30 minutes for the rest of the game + 30 seconds per move from move one."]

1.e4 c6 2.d4 d5 3.Nd2 dxe4 4.Nxe4 Bf5 5.Ng3 Bg6 6.h4 h6 7.Bd3 Bxd3 8.Qxd3 
Nf6 9.Bd2 e6 10.O-O-O c5 11.N1e2 Nc6 12.Bc3 Be7 13.Ne4 cxd4 14.Nxd4 Nxd4 
15.Bxd4 Qd5 16.Nxf6+ gxf6 17.Kb1 e5 18.Rhe1 Rd8 19.Qe2 Qxg2 20.Bxe5 Rxd1+ 
21.Rxd1 fxe5 22.Qxe5 O-O 23.Qxe7 Qxf2 24.Qxb7 Re8 25.Qb4 Kh7 26.a4 Qf3 27.
Rd7 a6 28.Qc4 Kg7 29.Rd3 Qf6 30.Rg3+ Kh8 31.Rg1 Qf2 32.Rc1 Re6 33.Ka2 Rf6 
34.Rd1 Rf4 35.Rd8+ Kg7 36.Qc3+ Kg6 37.b3 Kh5 38.Rd6 f6 39.Rxa6 Kxh4 40.Ra8
h5 41.a5 Rf3 42.Qc4+ Rf4 43.Qc6 Qe1 44.Qc5 Rf1 45.Qd4+ Kh3 46.Ka3 h4 47.
Ka4 Kh2 48.Rh8 h3 49.c4 f5 50.Kb5 Qg3 51.b4 Re1 52.c5 f4 53.a6 Re7 54.Qd6 
Rf7 55.Qe6 Rg7 56.Qe2+ Kg1 57.Rd8 Qg2 58.Rd1+ Kh2 59.Qe5 Qf3 60.Qxg7 Qxd1 
61.a7 Qf3 62.c6 Qg2 63.Qxg2+ hxg2 64.a8=Q 1-0

[Event "Elitserien 2022/2023"]
[Site "Helsingborg"]
[Date "2022.10.15"]
[Round "2.2"]
[White "Lokander, Martin"]
[Black "Lindgren, Philip"]
[Result "1/2-1/2"]
[WhiteElo "2453"]
[BlackElo "2382"]
[TimeControl "90 minutes for 40 moves + 30 minutes for the rest of the game + 30 seconds per move from move one."]

1.c4 e6 2.Nc3 d5 3.d4 Nf6 4.cxd5 exd5 5.Bg5 Be7 6.e3 c6 7.Bd3 O-O 8.Qc2 h6
9.Bf4 Bd6 10.Nf3 Bxf4 11.exf4 Re8+ 12.Ne5 c5 13.dxc5 Nc6 14.O-O Nxe5 15.
fxe5 Rxe5 16.Nb5 Bd7 17.Nd6 Qc7 18.Rfe1 Rxe1+ 19.Rxe1 Ne8 20.Nf5 Bxf5 21.
Bxf5 Nf6 22.b4 a6 23.Qd2 a5 24.a3 axb4 25.axb4 b6 26.Qd4 bxc5 27.bxc5 Qc6 
28.h3 Ra4 29.Qe5 Qxc5 30.Qb8+ Qf8 31.Bh7+ Nxh7 32.Re8 Ra1+ 33.Kh2 Qxe8 34.
Qxe8+ Nf8 35.Qe5 Rd1 36.Qe2 Rd4 37.Qe8 Rd3 38.f4 g6 39.g4 Rf3 40.Qb8 d4 
41.Kg2 Re3 42.Qd8 Re2+ 43.Kf3 Re3+ 44.Kg2 Re2+ 45.Kg1 Re3 1/2-1/2

[Event "Elitserien 2022/2023"]
[Site "Helsingborg"]
[Date "2022.10.15"]
[Round "2.3"]
[White "Domingo Nunez, Ruben"]
[Black "Hauge, Lars Oskar"]
[Result "1/2-1/2"]
[WhiteElo "2369"]
[BlackElo "2533"]
[TimeControl "90 minutes for 40 moves + 30 minutes for the rest of the game + 30 seconds per move from move one."]

1.Nf3 f5 2.g3 Nf6 3.Bg2 g6 4.d4 Bg7 5.c4 d6 6.Nc3 O-O 7.d5 c6 8.O-O e5 9.
e4 cxd5 10.cxd5 Na6 11.Be3 Qe8 12.Ng5 Nc7 13.Rc1 h6 14.Ne6 Nxe6 15.dxe6 f4
16.gxf4 Bxe6 17.Qxd6 exf4 18.Bxf4 Rd8 19.Qb4 Nh5 20.Bg3 Nf4 21.Bxf4 Rxf4 
22.Qxb7 Be5 23.Ne2 Rf7 24.Qa6 Qe7 25.f4 Bg7 26.Rc6 Bg4 27.Rxg6 Bh5 28.Rc6 
Qh4 29.Rc8 Bxb2 30.Rxd8+ Qxd8 31.Ng3 Bg4 32.e5 h5 33.Qb5 Qd4+ 34.Kh1 Kh7 
35.Ne4 Kg7 36.Ng5 Rxf4 37.Qb7+ Kg6 38.Rxf4 Qxf4 39.Qxb2 Kxg5 40.Qc3 h4 41.
e6 Bxe6 42.Qg7+ Kh5 43.Qh7+ Kg5 44.Qg7+ 1/2-1/2

[Event "Elitserien 2022/2023"]
[Site "Helsingborg"]
[Date "2022.10.15"]
[Round "2.4"]
[White "Thorn, Eric"]
[Black "Jepson, Christian"]
[Result "1/2-1/2"]
[WhiteElo "2342"]
[BlackElo "2401"]
[TimeControl "90 minutes for 40 moves + 30 minutes for the rest of the game + 30 seconds per move from move one."]

1.d4 d6 2.e4 Nf6 3.Nc3 g6 4.Nf3 Bg7 5.Be2 O-O 6.O-O a6 7.a4 Nc6 8.d5 Na7 
9.Be3 e6 10.Nd2 Bd7 11.Ra3 Re8 12.Re1 b5 13.dxe6 Rxe6 14.axb5 Nxb5 15.Nxb5
axb5 16.Rxa8 Qxa8 17.Bf3 Qc8 18.b4 Re8 19.Bd4 Nh5 20.Bxg7 Nxg7 21.e5 Rxe5 
22.Rxe5 dxe5 23.Ne4 Ne8 24.Qd5 Bf5 25.Qxe5 Bxe4 26.Bxe4 Nd6 27.Bd3 Qg4 28.
Qc5 Qd1+ 29.Bf1 Qe1 30.Qxc7 Qxb4 31.c3 Qa3 32.g3 h5 33.Qe7 Qa6 34.Qf6 Qa3 
35.Qe5 Qa6 36.Qf6 Qa3 37.Qe5 Qa6 38.h4 Qb6 39.Qf6 Qc5 40.Qe7 b4 41.cxb4 
Qxb4 42.Qe3 Qb2 43.Qe2 Qd4 44.Qd3 Qc5 45.Bg2 Qe5 46.Bd5 Kg7 47.Kg2 Nf5 48.
Qe4 Qb2 49.Qe8 Qf6 50.Qd7 Nd6 51.Qc6 Qe5 52.Bf3 Nf5 53.Qe4 Qb2 54.Bxh5 
Nxg3 55.Kxg3 gxh5 56.Qf5 Qe2 57.Qg5+ Kf8 58.Qd8+ Kg7 59.Qg5+ Kf8 60.Qd8+ 
Kg7 61.Qg5+ 1/2-1/2

[Event "Elitserien 2022/2023"]
[Site "Helsingborg"]
[Date "2022.10.15"]
[Round "2.5"]
[White "Brynell, Stellan"]
[Black "Renman, Nils-Gustaf"]
[Result "1/2-1/2"]
[WhiteElo "2383"]
[BlackElo "2329"]
[TimeControl "90 minutes for 40 moves + 30 minutes for the rest of the game + 30 seconds per move from move one."]

1.d4 d5 2.Nf3 Nf6 3.c4 c6 4.cxd5 cxd5 5.Nc3 Nc6 6.Bf4 a6 7.Rc1 Bf5 8.e3 e6
9.Be2 Bd6 10.Bg3 O-O 11.O-O Ne4 12.Nxe4 Bxe4 13.Nd2 Bg6 14.Nb3 Bxg3 15.
hxg3 Qb6 16.Rc3 Rfc8 17.Qd2 a5 18.Rfc1 a4 19.Nc5 Rc7 20.a3 h6 21.Bd1 Qb5 
22.Be2 Qa5 23.Qd1 Kh7 24.Qf1 Qb6 25.Bb5 Ra5 26.Bxc6 Rxc6 27.Qe2 Qa7 28.Nd7
Rxc3 29.Rxc3 Qa8 30.Ne5 Qe8 31.Rc7 Qb5 32.Qd2 Ra6 33.Qc3 Qe2 34.Rxb7 Qd1+ 
35.Kh2 Qh5+ 1/2-1/2

[Event "Elitserien 2022/2023"]
[Site "Helsingborg"]
[Date "2022.10.15"]
[Round "2.6"]
[White "Lissang, Christopher"]
[Black "Helgason, Reynir"]
[Result "1/2-1/2"]
[WhiteElo "2343"]
[BlackElo "2269"]
[TimeControl "90 minutes for 40 moves + 30 minutes for the rest of the game + 30 seconds per move from move one."]

1.Nf3 d5 2.b3 Nf6 3.Bb2 e6 4.e3 Be7 5.d4 O-O 6.Bd3 a5 7.a3 b6 8.O-O Ba6 9.
Nc3 Nbd7 10.Bxa6 Rxa6 11.Qe2 Qa8 12.Nb5 Rc8 13.c4 Qb7 14.Rac1 Raa8 15.Rc2 
c6 16.Nc3 b5 17.cxb5 cxb5 18.Rfc1 Rab8 19.Ne5 Nxe5 20.dxe5 Nd7 21.Qd1 Nc5 
22.Ne2 a4 23.b4 Nb3 24.Rxc8+ Rxc8 25.Rxc8+ Qxc8 26.Nc3 Qc4 27.Qf1 Nd2 28.
Qxc4 Nxc4 29.Bc1 Nxe5 30.Nxb5 Nc4 31.Kf1 Bf6 32.Ke2 Kf8 33.Nc7 Ke7 34.Na6 
Kd6 35.Nc5 Nb6 36.Kd3 Kc6 37.Kc2 Be7 38.Nd3 f6 39.f3 Nc4 40.Nf2 Bd6 41.h3 
Bb8 42.Nd1 Ba7 43.Kd3 Ne5+ 44.Kc2 Nc4 45.Kd3 Ne5+ 46.Ke2 d4 47.Bb2 Kd5 48.
exd4 Bxd4 49.Bxd4 Kxd4 50.Nb2 Nc4 51.Nxc4 Kxc4 52.Ke3 Kd5 53.Kd3 e5 54.g4 
g6 55.Kc3 f5 56.gxf5 gxf5 57.Kd3 Kd6 58.Kc4 Kc6 59.Kd3 Kd5 60.Ke3 h5 61.h4
Kc4 62.Ke2 Kd4 63.Kd2 Kc4 64.Ke3 Kd5 65.Kd3 Kd6 66.Kc4 Kc6 67.Kc3 Kd5 68.
Kd3 Kd6 69.Kc4 Kc6 70.Kc3 Kd5 1/2-1/2

[Event "Elitserien 2022/2023"]
[Site "Helsingborg"]
[Date "2022.10.15"]
[Round "2.7"]
[White "Eklund, Joel"]
[Black "Cederstam, Carl"]
[Result "1-0"]
[WhiteElo "2233"]
[BlackElo "2328"]
[TimeControl "90 minutes for 40 moves + 30 minutes for the rest of the game + 30 seconds per move from move one."]

1.d4 d5 2.Bg5 h6 3.Bh4 c5 4.dxc5 g5 5.Bg3 Bg7 6.c3 Nf6 7.Nd2 Nbd7 8.b4 Ne4
9.Nxe4 dxe4 10.Qb3 b6 11.c6 Ne5 12.Bxe5 Bxe5 13.e3 Qd6 14.Bc4 Bg4 15.Ne2 
e6 16.b5 Rd8 17.Rd1 Qxd1+ 18.Qxd1 Rxd1+ 19.Kxd1 Bxc3 20.Kc2 Be5 21.Nc3 Bf5
22.Rd1 O-O 23.Rd7 Bxh2 24.g3 h5 25.c7 Kg7 26.Rd8 e5 27.Bd5 h4 28.gxh4 gxh4
29.Bb7 Bg1 30.Rxf8 h3 31.Bxe4 h2 32.c8=Q h1=Q 33.Rg8+ Kf6 34.Qxf5+ 1-0

[Event "Elitserien 2022/2023"]
[Site "Helsingborg"]
[Date "2022.10.15"]
[Round "2.8"]
[White "Tuomainen, Felix"]
[Black "Ziegler, Ari"]
[Result "1-0"]
[WhiteElo "2230"]
[BlackElo "2311"]
[TimeControl "90 minutes for 40 moves + 30 minutes for the rest of the game + 30 seconds per move from move one."]

1.d4 Nf6 2.c4 e6 3.Nc3 Bb4 4.a3 Bxc3+ 5.bxc3 c5 6.f3 d6 7.e4 Nc6 8.Be3 b6 
9.Ne2 O-O 10.Ng3 e5 11.d5 Ne7 12.h4 Ne8 13.h5 f5 14.exf5 Bxf5 15.Bf2 g6 
16.hxg6 Bxg6 17.Bd3 Nf6 18.Qc2 Qe8 19.Be3 b5 20.Bh6 Rf7 21.Bxg6 hxg6 22.
Bg5 Nh7 23.Ne4 Nxg5 24.Nxg5 bxc4 25.g4 Nxd5 26.Qxg6+ Rg7 27.Qh6 1-0

[Event "Elitserien 2022/2023"]
[Site "Helsingborg"]
[Date "2022.10.15"]
[Round "2.9"]
[White "Ong, Kezli"]
[Black "Lyrberg, Patrik"]
[Result "0-1"]
[WhiteElo "2298"]
[BlackElo "2449"]
[TimeControl "90 minutes for 40 moves + 30 minutes for the rest of the game + 30 seconds per move from move one."]

1.e4 e6 2.d4 d5 3.Nc3 dxe4 4.Nxe4 Bd7 5.Nf3 Bc6 6.Bd3 Nd7 7.O-O Ngf6 8.Ng3
Be7 9.Re1 O-O 10.c3 a5 11.a4 Re8 12.b3 Bxf3 13.Qxf3 c6 14.Bb2 Bf8 15.c4 g6
16.h4 h5 17.Ne4 Nxe4 18.Rxe4 Bg7 19.Rf4 f5 20.Re1 e5 21.Rxf5 gxf5 22.Qxf5 
exd4 23.Qh7+ Kf8 24.Ba3+ c5 25.Qf5+ Qf6 26.Rxe8+ Rxe8 27.Qxd7 Re1+ 28.Bf1 
b6 29.Qc8+ Kf7 30.Qd7+ Kg6 31.g3 Qf3 32.Qd6+ Kh7 33.Qd5 Qxd5 34.cxd5 d3 
0-1

[Event "Elitserien 2022/2023"]
[Site "Helsingborg"]
[Date "2022.10.15"]
[Round "2.10"]
[White "Cicak, Slavko"]
[Black "Livner, Anders"]
[Result "1-0"]
[WhiteElo "2470"]
[BlackElo "2365"]
[TimeControl "90 minutes for 40 moves + 30 minutes for the rest of the game + 30 seconds per move from move one."]

1.c4 e6 2.Nf3 d5 3.e3 Nf6 4.b3 c5 5.cxd5 exd5 6.Bb5+ Bd7 7.Bxd7+ Qxd7 8.
Bb2 Be7 9.O-O Nc6 10.d4 cxd4 11.Nxd4 O-O 12.Nc3 Rfd8 13.Qd3 Rac8 14.Rfd1 
Nxd4 15.Qxd4 Bc5 16.Qf4 Qe6 17.Nb5 Ne4 18.Nc7 Qc6 19.Nxd5 Qe6 20.Qe5 Qxe5 
21.Bxe5 Ba3 22.f3 Ng5 23.Rd3 f6 24.Bg3 Kf7 25.Rad1 Ne6 26.b4 Bc1 27.e4 Rc2
28.f4 Bb2 29.h4 Rdc8 30.Ne3 R2c3 31.Rd7+ Kf8 32.Kf2 Bc1 33.Nd5 Rc2+ 34.Kg1
Bb2 35.f5 Nd4 36.Bd6+ Ke8 37.Rxg7 Ne2+ 38.Kf1 1-0

[Event "Elitserien 2022/2023"]
[Site "Helsingborg"]
[Date "2022.10.15"]
[Round "2.11"]
[White "Lindeman, Sven"]
[Black "Von Bahr, Oskar"]
[Result "1/2-1/2"]
[WhiteElo "2161"]
[BlackElo "2381"]
[TimeControl "90 minutes for 40 moves + 30 minutes for the rest of the game + 30 seconds per move from move one."]

1.e4 e5 2.Nf3 Nc6 3.Bb5 a6 4.Ba4 Nf6 5.O-O Be7 6.Re1 b5 7.Bb3 d6 8.c3 O-O 
9.h3 Bb7 10.d4 Nd7 11.a4 Na5 12.Bc2 c5 13.d5 Qc7 14.b3 c4 15.b4 Nb3 16.
Bxb3 cxb3 17.Qxb3 f5 18.Nbd2 fxe4 19.Nxe4 Nb6 20.Rd1 Qc4 21.Qxc4 bxc4 22.
Bg5 Kf7 23.Rd2 Bxd5 24.Bxe7 Kxe7 25.a5 Bxe4 26.axb6 Rfb8 27.Nh2 Rxb6 28.f4
Bd3 29.fxe5 dxe5 30.Ra5 e4 31.Ng4 Rc8 32.Rda2 Rcc6 33.Kf2 1/2-1/2

[Event "Elitserien 2022/2023"]
[Site "Helsingborg"]
[Date "2022.10.15"]
[Round "2.12"]
[White "Andersson, Fredrik"]
[Black "Hjelm, Niclas"]
[Result "1/2-1/2"]
[WhiteElo "2268"]
[BlackElo "2279"]
[TimeControl "90 minutes for 40 moves + 30 minutes for the rest of the game + 30 seconds per move from move one."]

1.d4 d5 2.c4 dxc4 3.Nf3 Nf6 4.e3 e6 5.Bxc4 c5 6.O-O Nc6 7.a3 cxd4 8.exd4 
Be7 9.Nc3 O-O 10.Bf4 b6 11.Qd3 Bb7 12.Rad1 Na5 13.Ba2 Nd5 14.Bd2 Nxc3 15.
Bxc3 Bd5 16.Bb1 g6 17.Ne5 Rc8 18.Qg3 Rc7 19.Rfe1 Bf6 20.Qf4 1/2-1/2

[Event "Elitserien 2022/2023"]
[Site "Helsingborg"]
[Date "2022.10.15"]
[Round "2.13"]
[White "Stavenberg, Karl"]
[Black "Aronsson, Marten"]
[Result "1-0"]
[WhiteElo "2115"]
[BlackElo "2221"]
[TimeControl "90 minutes for 40 moves + 30 minutes for the rest of the game + 30 seconds per move from move one."]

1.d4 d5 2.c4 c6 3.Nf3 Nf6 4.Nc3 dxc4 5.a4 Bf5 6.e3 e6 7.Bxc4 Bb4 8.O-O 
Nbd7 9.Qe2 O-O 10.e4 Bg6 11.Bd3 Qe7 12.e5 Nd5 13.Bg5 Bxd3 14.Qxd3 f6 15.
exf6 gxf6 16.Bh6 Rfe8 17.a5 a6 18.Rfe1 Qf7 19.Bd2 Bd6 20.Re4 Nf8 21.Rae1 
Re7 22.Rg4+ Kh8 23.Ne4 Bc7 24.Nc5 Bd6 25.Bh6 Ng6 26.h4 Rg8 27.g3 Bxc5 28.
dxc5 Ree8 29.Kh2 e5 30.Qf5 Nc7 31.h5 Nf8 32.Rxe5 Rxg4 33.Rxe8 Nxe8 34.Qxg4
Ne6 35.Qf5 N8g7 36.Bxg7+ Kxg7 37.g4 Qc7+ 38.Kg1 Qe7 39.b4 Nc7 40.Nd4 Nd5 
41.h6+ Kg8 42.Kf1 Qe8 43.b5 axb5 44.Nxb5 cxb5 45.Qxd5+ Kf8 46.Qxb7 Qe6 47.
Qg7+ Ke8 48.Qh8+ Kd7 49.Qxh7+ Kc6 50.Qf5 Qb3 51.h7 Qh3+ 52.Ke2 Qh4 53.Qc8+
1-0

[Event "Elitserien 2022/2023"]
[Site "Helsingborg"]
[Date "2022.10.15"]
[Round "2.14"]
[White "Henriksson, Johan"]
[Black "Jaderberg, Bjorn"]
[Result "1/2-1/2"]
[WhiteElo "2265"]
[BlackElo "2147"]
[TimeControl "90 minutes for 40 moves + 30 minutes for the rest of the game + 30 seconds per move from move one."]

1.d4 g6 2.g3 Bg7 3.Bg2 d6 4.Nf3 Nd7 5.c4 c5 6.Nc3 Ngf6 7.O-O O-O 8.b3 cxd4
9.Qxd4 Nh5 10.Qd2 Nc5 11.Bb2 Nf6 12.Nd4 Rb8 13.Rfd1 a6 14.Rac1 Bd7 15.e4 
b5 16.b4 Ne6 17.Nd5 bxc4 18.Rxc4 Nxd5 19.exd5 Nxd4 20.Bxd4 Bb5 21.Bxg7 
Bxc4 22.Qd4 Bb5 23.Bh6 f6 24.Bxf8 Kxf8 25.h4 Kg7 26.Re1 Rb7 27.Bf3 Be8 28.
Kg2 Bf7 29.Rc1 Qb6 30.Qxb6 Rxb6 31.a3 Be8 32.Be2 Bb5 33.Kf3 Bxe2+ 34.Kxe2 
Rb5 35.Rd1 a5 36.Rd4 axb4 37.axb4 Kf7 38.Kd3 e5 39.dxe6+ Kxe6 40.Kc4 Rb8 
41.b5 Rc8+ 42.Kb4 Rc1 43.Rc4 Rb1+ 44.Ka5 Ra1+ 45.Ra4 Rb1 46.b6 Kd7 47.Ka6 
d5 48.Ra2 d4 49.Ka7 d3 50.Ra3 d2 51.Rd3+ Kc6 52.Rxd2 Ra1+ 53.Kb8 Kxb6 54.
Rd6+ Kc5 55.Rxf6 Kd5 56.Kc8 Ra7 57.Kd8 Ke5 58.Rf4 Ke6 59.Re4+ Kf6 60.Ke8 
Ra8+ 61.Kd7 Ra7+ 62.Kd6 Ra6+ 63.Kd5 Ra5+ 64.Kd4 h5 65.Ke3 Rb5 66.Kf3 Ra5 
67.Rf4+ Kg7 68.Kg2 Rb5 69.Rd4 Kf6 70.Kf3 Ra5 71.Ke3 Rb5 72.f3 Re5+ 73.Kd3 
Re1 74.Rf4+ Kg7 75.Kd4 Rh1 76.Ke3 Ra1 77.Rd4 Ra5 78.Ke4 Rb5 79.Rd5 Rb4+ 
80.Ke5 Rb3 81.Rd7+ Kh6 82.Rf7 Rb5+ 83.Kd4 Ra5 84.Re7 Ra3 85.Ke4 Ra4+ 86.
Ke5 Ra3 87.Kf4 Ra4+ 88.Re4 Ra5 89.g4 hxg4 90.fxg4 Ra7 91.Re6 Rf7+ 92.Kg3 
Kg7 93.Rd6 Ra7 94.Kf4 Ra4+ 95.Kf3 Ra3+ 96.Ke4 Ra4+ 97.Rd4 Ra7 98.Kf4 Rb7 
99.Re4 Ra7 100.Re5 Rb7 101.Kg5 Ra7 102.Re6 Ra5+ 103.Kf4 Ra7 104.Ke5 Ra5+ 
105.Kf4 Ra7 106.Rd6 Ra4+ 107.Kf3 Ra7 108.Re6 Rb7 109.Kf4 Ra7 110.Re5 Ra4+ 
111.Kg5 Ra7 112.h5 gxh5 113.Kxh5 Rb7 114.Rg5+ Kh7 115.Rg6 Rb5+ 116.Rg5 
Rxg5+ 117.Kxg5 Kg7 118.Kf5 Kf7 1/2-1/2

[Event "Elitserien 2022/2023"]
[Site "Helsingborg"]
[Date "2022.10.15"]
[Round "2.15"]
[White "Wisdahl, Peter"]
[Black "Glimbrant, Torbjorn"]
[Result "0-1"]
[WhiteElo "2009"]
[BlackElo "2133"]
[TimeControl "90 minutes for 40 moves + 30 minutes for the rest of the game + 30 seconds per move from move one."]

1.Nf3 Nf6 2.c4 g6 3.g3 Bg7 4.Bg2 c6 5.Nc3 d5 6.cxd5 cxd5 7.O-O O-O 8.d3 
Nc6 9.Bg5 h6 10.Bd2 e5 11.Qc1 Kh7 12.Rd1 Be6 13.b4 Rc8 14.b5 Nd4 15.Qb2 
Nxf3+ 16.Bxf3 Bg4 17.Bxg4 Nxg4 18.Qb4 Nf6 19.Rac1 Qd7 20.Kg2 Rfe8 21.e4 
Red8 22.a4 b6 23.a5 Rc5 24.axb6 axb6 25.Na4 Rxb5 26.Qc3 dxe4 27.Be3 Nd5 
28.Nxb6 Rxb6 29.dxe4 Nxe3+ 30.Qxe3 Rd6 0-1

[Event "Elitserien 2022/2023"]
[Site "Helsingborg"]
[Date "2022.10.15"]
[Round "2.16"]
[White "Larsson, Anders"]
[Black "Lagerborg, Krister"]
[Result "0-1"]
[WhiteElo "2223"]
[BlackElo "2103"]
[TimeControl "90 minutes for 40 moves + 30 minutes for the rest of the game + 30 seconds per move from move one."]

1.e4 c5 2.Nf3 d6 3.Bc4 e6 4.O-O Nf6 5.Re1 Nc6 6.c3 Be7 7.Bb3 O-O 8.d4 e5 
9.h3 Bd7 10.d5 Na5 11.Bc2 b5 12.Nbd2 Ne8 13.b4 Nb7 14.a4 a5 15.Ba3 cxb4 
16.cxb4 Nc7 17.bxa5 Rxa5 18.Bb4 Ra6 19.axb5 Bxb5 20.Nb3 Qd7 21.Qd2 Rfa8 
22.Rxa6 Nxa6 23.Bc3 f6 24.Na5 Nxa5 25.Bxa5 Rc8 26.Rb1 g6 27.Bd3 Bxd3 28.
Qxd3 Nc5 29.Qc4 f5 30.exf5 Qxf5 31.Rc1 Rf8 32.Bb6 Nd3 33.Rf1 Nf4 34.Be3 
Nxg2 35.Qg4 Qxg4 36.hxg4 Nf4 37.Ra1 Nxd5 38.Nd2 Nxe3 39.fxe3 Bg5 40.Ra3 
Kf7 41.Ne4 Be7 42.Ra7 Ke6 43.Kg2 h6 44.Ra1 Rc8 45.Rh1 Bf8 46.Rf1 Bg7 47.
Ra1 Rc6 48.Ra7 Bf8 49.Nf2 Be7 50.Kf3 d5 0-1

[Event "Elitserien 2022/2023"]
[Site "Helsingborg"]
[Date "2022.10.15"]
[Round "2.17"]
[White "Grigorov, Grigor"]
[Black "Hansen, Sune Berg"]
[Result "0-1"]
[WhiteElo "2512"]
[BlackElo "2525"]
[TimeControl "90 minutes for 40 moves + 30 minutes for the rest of the game + 30 seconds per move from move one."]

1.d4 d5 2.Nf3 Nf6 3.c3 c6 4.Bf4 Bf5 5.Qb3 Qb6 6.e3 Nbd7 7.c4 e6 8.Nc3 Nh5 
9.Be5 f6 10.Bg3 Qxb3 11.axb3 a6 12.Kd2 Be7 13.Nh4 Bg6 14.Bc7 Rc8 15.Nxg6 
hxg6 16.Ba5 f5 17.Ne2 Nhf6 18.f3 g5 19.Nc1 Bd6 20.h3 Rh6 21.Nd3 Nh5 22.Be2
Ng3 23.Rhe1 Kf7 24.Bd1 Kg8 25.Bc3 Rd8 26.Kc2 Nf6 27.Nc5 Bxc5 28.dxc5 Nd7 
29.b4 dxc4 30.b3 cxb3+ 31.Kb2 Kf7 32.Bxb3 Rhh8 33.Rad1 Rhe8 34.Rd6 Nf8 35.
Red1 Rxd6 36.Rxd6 f4 37.exf4 Nf5 38.Rd2 gxf4 39.Ka3 Ne3 40.Be5 g5 41.Ka4 
Ng6 42.Bc7 Nd5 43.Bxd5 exd5 44.Ka5 Ne5 45.Bxe5 Rxe5 46.Kb6 Re7 47.Ka7 Kg6 
48.Kb8 Kh5 49.g3 fxg3 50.Rd4 Rf7 51.Rg4 Rf4 0-1

[Event "Elitserien 2022/2023"]
[Site "Helsingborg"]
[Date "2022.10.15"]
[Round "2.18"]
[White "Thybo, Jesper Sondergaard"]
[Black "Amin, Bassem"]
[Result "1/2-1/2"]
[WhiteElo "2516"]
[BlackElo "2663"]
[TimeControl "90 minutes for 40 moves + 30 minutes for the rest of the game + 30 seconds per move from move one."]

1.d4 Nf6 2.c4 g6 3.Nc3 Bg7 4.e4 d6 5.Nf3 O-O 6.Be2 e5 7.dxe5 dxe5 8.Qxd8 
Rxd8 9.Bg5 Re8 10.Nd5 Nxd5 11.cxd5 c6 12.Bc4 cxd5 13.Bxd5 Nd7 14.Nd2 Nc5 
15.O-O-O Be6 16.Bxe6 Nxe6 17.Be3 Bf8 18.Kb1 Rec8 19.Rc1 Rd8 20.Nc4 f6 21.
Na5 b6 22.Nc6 Rd7 23.Rhd1 Rc7 24.b4 Rb7 25.a4 Kf7 26.Ka2 Ke8 27.Kb3 a6 28.
g3 g5 29.g4 b5 30.axb5 Rxb5 31.Rd5 Rb7 32.Ra5 Kd7 33.Rd5+ Ke8 34.Ra5 Kd7 
35.Rd5+ Ke8 1/2-1/2

[Event "Elitserien 2022/2023"]
[Site "Helsingborg"]
[Date "2022.10.15"]
[Round "2.19"]
[White "Cramling, Pia"]
[Black "Kucuksari, Kaan"]
[Result "1-0"]
[WhiteElo "2468"]
[BlackElo "2482"]
[TimeControl "90 minutes for 40 moves + 30 minutes for the rest of the game + 30 seconds per move from move one."]

1.d4 Nf6 2.c4 g6 3.Nc3 Bg7 4.e4 d6 5.h3 O-O 6.Be3 e5 7.d5 Na6 8.g4 Nc5 9.
f3 h5 10.Qd2 c6 11.b4 Na6 12.a3 cxd5 13.cxd5 Nh7 14.O-O-O f5 15.gxf5 gxf5 
16.Bd3 f4 17.Bf2 h4 18.Nb5 Bd7 19.Kb1 Qg5 20.Rh2 Qh6 21.Qe1 Bxb5 22.Bxb5 
Nc7 23.Bd3 Bf6 24.Rc1 Rf7 25.Rg2+ Kh8 26.Rg4 Ne8 27.Ne2 Bg5 28.Bxh4 Bxh4 
29.Rxh4 Qg5 30.Qf2 Qe7 31.Rg4 Nef6 32.Rg2 Rg7 33.Rxg7 Qxg7 34.h4 Nh5 35.
Rg1 Qf7 36.Nc3 Ng3 37.Nb5 Qd7 38.Rc1 a6 39.Nc7 Rc8 40.Qb6 Nf6 41.Ne6 Rg8 
42.Kb2 Ngh5 43.Rc7 Qe8 44.Qxd6 Qg6 45.Qxe5 Qg2+ 46.Bc2 1-0

[Event "Elitserien 2022/2023"]
[Site "Helsingborg"]
[Date "2022.10.15"]
[Round "2.20"]
[White "Pantzar, Milton"]
[Black "Engqvist, Thomas"]
[Result "1-0"]
[WhiteElo "2465"]
[BlackElo "2333"]
[TimeControl "90 minutes for 40 moves + 30 minutes for the rest of the game + 30 seconds per move from move one."]

1.d4 d5 2.c4 c6 3.Nf3 Nf6 4.g3 Bg4 5.Ne5 Bf5 6.Nc3 e6 7.Qb3 Qb6 8.Bf4 Nbd7
9.Nxd7 Nxd7 10.Qxb6 Nxb6 11.cxd5 exd5 12.O-O-O Bb4 13.f3 O-O 14.g4 Be6 15.
e3 Bxc3 16.bxc3 Na4 17.Kd2 b5 18.h4 a6 19.h5 f6 20.Be2 h6 21.Rb1 Rac8 22.
Rhc1 Rfd8 23.Bd3 Nb6 24.Ke2 Na4 25.Kd2 c5 26.Bc2 Nb6 27.Ke2 Rc6 28.a4 Nxa4
29.Bxa4 bxa4 30.Kd2 Rdc8 31.Rb7 a3 32.Rb3 cxd4 33.exd4 a5 34.Rxa3 Ra6 35.
Rb1 a4 36.Rb7 Rca8 37.Ke3 R6a7 38.Rb6 Bf7 39.Bb8 Re7+ 40.Kd2 Be8 41.Bg3 
Raa7 42.Rb4 Reb7 43.Bd6 Rxb4 44.Bxb4 f5 45.Ke3 fxg4 46.fxg4 Bd7 47.Kf4 Ra6
48.Ke5 Bxg4 49.Kxd5 Bxh5 50.Ke5 g5 51.d5 Kf7 52.c4 Be2 53.c5 Bb5 54.Rc3 
Ke8 55.c6 g4 56.c7 Bd7 57.c8=Q+ Bxc8 58.Rxc8+ Kd7 59.Rc3 h5 60.Kf5 Rb6 61.
Bc5 Rb3 62.Rc4 g3 63.Ke5 g2 64.Rxa4 Rg3 65.Ra7+ Kc8 66.Bg1 Rg5+ 67.Kd6 
Rg6+ 68.Kc5 Rf6 69.Rg7 h4 70.Rxg2 h3 71.Rg8+ Kd7 72.Rg7+ Kc8 73.Rh7 Rf1 
74.Be3 Rf3 75.Kc6 Rxe3 76.Rh8+ Re8 77.Rxe8# 1-0

[Event "Elitserien 2022/2023"]
[Site "Helsingborg"]
[Date "2022.10.15"]
[Round "2.21"]
[White "Wedberg, Tom"]
[Black "Storme, Isak"]
[Result "1/2-1/2"]
[WhiteElo "2395"]
[BlackElo "2424"]
[TimeControl "90 minutes for 40 moves + 30 minutes for the rest of the game + 30 seconds per move from move one."]

1.e4 e5 2.Nf3 Nc6 3.Bb5 a6 4.Ba4 Nf6 5.O-O Be7 6.Bxc6 dxc6 7.d3 Bd6 8.Nbd2
Qe7 9.Nc4 Bg4 10.Ne3 Bd7 11.b3 O-O-O 12.Bb2 g5 13.Re1 Ng4 14.Nf5 Bxf5 15.
exf5 Qf6 16.h3 h5 17.hxg4 hxg4 18.Nxe5 Qh6 19.Kf1 Qh1+ 20.Ke2 Qxg2 21.Rg1 
Qh2 22.Nxg4 Rde8+ 23.Kf1 Qh3+ 24.Rg2 Qh1+ 25.Rg1 Qh3+ 26.Rg2 Qh1+ 27.Rg1 
Qh3+ 1/2-1/2

[Event "Elitserien 2022/2023"]
[Site "Helsingborg"]
[Date "2022.10.15"]
[Round "2.22"]
[White "Jogstad, Martin"]
[Black "Cramling, Dan"]
[Result "1/2-1/2"]
[WhiteElo "2386"]
[BlackElo "2294"]
[TimeControl "90 minutes for 40 moves + 30 minutes for the rest of the game + 30 seconds per move from move one."]

1.c4 c5 2.g3 g6 3.Bg2 Bg7 4.Nc3 Nc6 5.Nf3 e6 6.e3 Nge7 7.O-O O-O 8.d4 cxd4
9.exd4 d5 10.cxd5 exd5 11.Bg5 h6 12.Bxe7 Qxe7 13.Re1 Qd6 14.Nb5 Qb8 15.Qb3
Rd8 16.Nc3 Be6 17.Ne2 Bf5 18.Nh4 Be6 19.Nf3 Bf5 20.Nc3 Be6 21.Rac1 a6 22.
Ne2 Bf5 23.Nh4 Be6 24.Nf3 Bf5 25.Ne5 Nxe5 26.dxe5 d4 27.Rcd1 Bxe5 28.Bd5 
Qd6 29.Bxf7+ Kg7 30.Bc4 b5 31.Bd3 Be6 32.Qc2 Rac8 33.Qb1 Bd5 34.Nc1 Bf3 
35.Rd2 Bf4 36.Rc2 Rxc2 37.Qxc2 Bxc1 38.Qxc1 Rd7 39.Qd2 Re7 40.Rxe7+ Qxe7 
41.Qf4 Qf6 42.Qxf6+ Kxf6 43.h4 g5 44.hxg5+ hxg5 45.Kf1 Ke5 46.Ke1 Kd5 47.
Kd2 Ke5 48.Bg6 a5 49.Bd3 b4 50.Bc4 Ke4 51.Ba6 Ke5 52.Bc4 Ke4 53.Ba6 Ke5 
54.Bd3 Kd5 55.b3 Ke5 56.Be2 Ke4 57.Bd3+ Ke5 58.Be2 Ke4 59.Ba6 Ke5 60.Be2 
Ke4 61.Bb5 Ke5 62.Be2 Ke4 1/2-1/2